 Dungeon Crawl Stone Soup version 0.29.1-2-gbd0b4ee654 (webtiles) character file.

Game seed: 15799639460564306573

261 Uniporpoise the Conjurer (level 6, -6/39 HPs)
             Began as an Octopode Conjurer on Nov 4, 2022.
             Was an Initiate of Sif Muna.
             Killed by an exploding orc wizard (34 damage)
             ... ignited by their inner flame
             ... on level 4 of the Dungeon.
             The game lasted 00:08:47 (4448 turns).

Uniporpoise the Conjurer (Octopode Conjurer)        Turns: 4448, Time: 00:08:47

Health: -6/39      AC:  1    Str:  6    XL:     6   Next: 18%
Magic:  0/9        EV: 13    Int: 22    God:    Sif Muna [......]
Gold:   74         SH:  0    Dex: 11    Spells: 4/10 levels left

rFire   . . .      SeeInvis .     - Unarmed
rCold   . . .      Faith    .   (no shield)
rNeg    . . .      Spirit   .   (helmet restricted)
rPois   .          Reflect  .   (no amulet)
rElec   .          Harm     .   (no ring)
rCorr   .          Rampage  .   (no ring)
Will    .....                   (no ring)
Stlth   +++.......              (no ring)
HPRegen 0.13/turn               (no ring)
MPRegen 0.11/turn               (no ring)
                                (no ring)
                                (no ring)

@: flying
A: almost no armour, amphibious, 8 rings, camouflage 1, gelatinous body 1,
(nimble swimmer 1), tentacles
a: Renounce Religion


You were on level 4 of the Dungeon.
You worshipped Sif Muna.
Sif Muna was noncommittal.
You visited 1 branch of the dungeon, and saw 4 of its levels.

You collected 222 gold pieces.
You spent 148 gold pieces at shops.

Inventory:

Armour
 m - a +1 kite shield of reflection
Magical Staves
 h - a staff of cold
Wands
 l - a wand of quicksilver (11)
Scrolls
 c - a scroll of acquirement {unknown}
Potions
 b - a potion of flight
 g - a potion of curing {unknown}
 i - a potion of mutation {unknown}
 j - 2 potions of cancellation {unknown}


   Skills:
 + Level 1.8 Fighting
 + Level 2.9 Dodging
 + Level 3.9 Stealth
 * Level 1.1 Shields
 + Level 1.6 Unarmed Combat
 + Level 2.5 Spellcasting
 * Level 5.1 Conjurations
 + Level 1.2 Earth Magic


You had 4 spell levels left.
You knew the following spells:

 Your Spells              Type           Power      Damage    Failure   Level
a - Magic Dart            Conj           100%       1d8       1%          1
b - Searing Ray           Conj           50%        2d6       2%          2
c - Stone Arrow           Conj/Erth      32%        3d9       11%         3

Your spell library contained the following spells:

 Spells                   Type           Power      Damage    Failure   Level
 Sandblast                Erth           16%        2d6       8%          1
 Dazzling Flash           Conj/Hex       28%        N/A       14%         3
 Passwall                 Tmut/Erth      4%         N/A       16%         2
 Ensorcelled Hibernation  Hex/Ice        4%         N/A       21%         2
 Inner Flame              Hex/Fire       2%         N/A       36%         3
 Swiftness                Air            2%         N/A       36%         3
 Fulminant Prism          Conj/Hex       7%         3d7       41%         4
 Iskenderun's Mystic Bla  Conj/Tloc      14%        2d5       41%         4
 Cause Fear               Hex            1%         N/A       78%         4
 Discord                  Hex            1%         N/A       100%        8


Dungeon Overview and Level Annotations

Branches:
Dungeon (4/15)             Temple (0/1) D:4

Altars:
Sif Muna

Shops:
D:3 [

Annotations:
D:4 Blork the orc


Innate Abilities, Weirdness & Mutations

You cannot wear most types of armour.
You are amphibious.
You can wear up to eight rings at the same time.
Your skin changes colour to match your surroundings (Stealth+).
Your rubbery body absorbs attacks. (AC +1, EV +1)
((You are camouflaged when in or above water. (Stealth+)))
You have tentacles for arms and can constrict up to eight enemies at once.


Message History

Okay, then.
You feel very buoyant.
You fly up into the air.
Magic courses through your body.
You're too confused to cast spells.
You're too confused to cast spells.
Unknown command.
The orc wizard attacks as you move away!
The orc wizard barely misses you.
You feel less confused. The orc wizard misses you.
You barely miss the orc wizard. Your grab misses the orc wizard.
The orc wizard hits you but does no damage.
Casting: Searing Ray (safe; 2% risk of failure)
Confirm with . or Enter, or press ? or * to list all spells.
Aiming: Stone Arrow (dangerous; 11% risk of failure)
Press: ? - help, Shift-Dir - straight line, f - orc wizard
Aim: an orc wizard, wielding a +0 dagger and wearing a +0 robe (inner flame, 60% to hit)
The orc wizard barely misses you.
Unknown command.
Casting: Stone Arrow (dangerous; 11% risk of failure)
Confirm with . or Enter, or press ? or * to list all spells.
Aiming: Stone Arrow (dangerous; 11% risk of failure)
Press: ? - help, Shift-Dir - straight line, f - orc wizard
Aim: an orc wizard, wielding a +0 dagger and wearing a +0 robe (inner flame, 60% to hit)
The orc wizard misses you.
Unknown command.
Casting: Stone Arrow (dangerous; 11% risk of failure)
Confirm with . or Enter, or press ? or * to list all spells.
Aiming: Stone Arrow (dangerous; 11% risk of failure)
Press: ? - help, Shift-Dir - straight line, f - orc wizard
Aim: an orc wizard, wielding a +0 dagger and wearing a +0 robe (inner flame, 60% to hit)
The stone arrow hits the orc wizard!
Flame seeps out of the orc wizard.
The orc wizard is almost dead.
The orc wizard is engulfed in blazing flames.
Sif Muna accepts your kill.
The orc wizard explodes!
The fiery explosion engulfs you!!
Ouch! That really hurt!
You die...

##### #.@○#
#.#§#
#.#)#####
#.#.....#
........##.#
.J>#....# .
.......
#.....###
#.###.#


There were no monsters in sight!

Vanquished Creatures
  2 jellies (D:4)
  Jessica (D:2)
  3 orc wizards (D:4)
  Robin (D:2)
  2 adders (D:3)
  2 worms (D:3)
  6 orcs
  4 endoplasms
  18 goblins
  4 hobgoblins
  10 jackals
  7 kobolds
  4 quokkas
  5 ball pythons
  4 bats
  2 frilled lizards
  7 rats
  A toadstool (D:3)
83 creatures vanquished.

Vanquished Creatures (others)
  A fungus (D:3)
  2 toadstools (D:3)
3 creatures vanquished.

Grand Total: 86 creatures vanquished

Notes
Turn   | Place    | Note
-------+----------+-------------------------------------------
     0 | D:1      | Uniporpoise the Octopode Conjurer began the quest for the
                  | Orb.
     0 | D:1      | Reached XP level 1. HP: 11/11 MP: 3/3
   102 | D:1      | Found a faded altar of an unknown god.
   452 | D:1      | Reached XP level 2. HP: 18/18 MP: 1/5
   512 | D:1      | Learned a level 2 spell: Searing Ray
  1112 | D:2      | Reached XP level 3. HP: 22/22 MP: 2/6
  1116 | D:2      | Learned a level 3 spell: Stone Arrow
  1542 | D:2      | Noticed Robin
  1606 | D:2      | Killed Robin
  1607 | D:2      | Reached skill level 1 in Fighting
  1752 | D:2      | Reached XP level 4. HP: 28/28 MP: 5/7
  2071 | D:2      | Noticed Jessica
  2074 | D:2      | Killed Jessica
  2464 | D:3      | Reached skill level 1 in Unarmed Combat
  2835 | D:3      | Reached XP level 5. HP: 33/33 MP: 2/8
  3003 | D:3      | Found a shimmering blue altar of Sif Muna.
  3061 | D:3      | Became a worshipper of Sif Muna the Loreminder
  3119 | D:3      | Found Utol's Armour Shop.
  3137 | D:3      | Bought a +1 kite shield of reflection for 148 gold pieces
  3654 | D:4      | Found a staircase to the Ecumenical Temple.
  3853 | D:4      | Reached skill level 1 in Earth Magic
  3889 | D:4      | Reached skill level 5 in Conjurations
  4203 | D:4      | Reached XP level 6. HP: 39/39 MP: 0/9
  4399 | D:4      | Noticed Blork the orc
  4424 | D:4      | Reached skill level 1 in Shields
  4448 | D:4      | Killed by an exploding orc wizard... ignited by their inner
                  | flame

Illustrated notes

Levels and vault maps discovered:
D:1:      minmay_arrival_doors, layout_basic, ebering_ecumenical_altar_box
D:2:      layout_basic, nrook_loot_triangle, uniq_jessica, uniq_robin
D:3:      layout_basic, tgw_sif, serial_shops, nicolae_diamond_shop,
          minmay_gold_behind_fungi
D:4:      layout_basic, jmf_multi_god_temple2, temple_pool_b, uniq_blork_the_orc

Skill      XL: |  1  2  3  4  5  6 |
---------------+-------------------+-----
Stealth        | 3 |  3.9
Fighting       | 1 |  1.8
Unarmed Combat | 1 |  1.6
Earth Magic    | 1 |  1.2
Conjurations   | 5 |  5.1
Shields        | 1 |  1.1
Dodging        | |  2.9
Spellcasting   | |  2.5

Action                   |  1- 3 |  4- 6 || total
-------------------------+-------+-------++-------
Melee: Unarmed           |    15 |    30 ||    45
       Tentacles         |     4 |     9 ||    13
       Constrict         |     4 |     7 ||    11
 Cast: Magic Dart        |    60 |    58 ||   118
       Searing Ray       |     5 |    11 ||    16
       Stone Arrow       |       |     6 ||     6
  Use: Potion            |       |     5 ||     5
       Scroll            |       |     3 ||     3
Armor: Skin              |     3 |     3 ||     6
Dodge: Dodged            |     8 |    18 ||    26
